 Dungeon Crawl Stone Soup version 0.23.2 (webtiles) character file.

Game seed: 239893942663198572

29 Kairos the Skirmisher (level 3, 22/30 HPs)
             Began as a Formicid Abyssal Knight on Apr 11, 2019.
             Was a Follower of Lugonu.
             Quit the game on level 1 of the Dungeon.
             The game lasted 00:02:43 (702 turns).

Kairos the Skirmisher (Formicid Abyssal Knight)      Turns: 702, Time: 00:02:45

Health: 22/30      AC:  3    Str: 17    XL:     3   Next: 32%
Magic:  4/4        EV: 11    Int: 11    God:    Lugonu [*.....]
Gold:   38         SH:  0    Dex: 10    Spells: 2/2 levels left

rFire    . . .     SeeInvis +   a - +1 spear
rCold    . . .     Gourm    .   (no shield)
rNeg     . . .     Faith    .   b - +0 leather armour
rPois    .         Spirit   .   (helmet unavailable)
rElec    .         Reflect  .   (no cloak)
rCorr    .         Harm     .   (no gloves)
MR       .....                  (no boots)
Stlth    +.........             (no amulet)
HPRegen  0.10/turn              (no ring)
MPRegen  0.09/turn              (no ring)

@: no status effects
A: permanent stasis, dig shafts and tunnels, four strong arms, antennae 3
a: Dig, Shaft Self, Depart the Abyss, Renounce Religion


You were on level 1 of the Dungeon.
You worshipped Lugonu.
Lugonu was aware of your devotion.
You were not hungry.

You visited 1 branch of the dungeon, and saw 1 of its levels.
You visited the Abyss 1 time.

You collected 38 gold pieces.

Inventory:

Hand Weapons
 a - a +1 spear (weapon)
Armour
 b - a +0 leather armour (worn)
Scrolls
 e - a scroll of remove curse
Comestibles
 c - 3 rations


   Skills:
 + Level 4.0 Fighting
 + Level 2.2 Polearms
 + Level 2.5 Armour
 + Level 0.8 Dodging
 + Level 2.5 Invocations


You had 2 spell levels left.
You didn't know any spells.
Your spell library was empty.

Dungeon Overview and Level Annotations

Branches:
Dungeon (1/15)

Altars:


Innate Abilities, Weirdness & Mutations

You cannot be hasted, slowed, berserked, paralysed or teleported.
You can dig through walls and to a lower floor.
Your four strong arms can wield two-handed weapons with a shield.
You have a pair of large antennae on your head. (SInv)


Message History

A goblin is nearby!
You closely miss the goblin. The goblin barely misses you.
You hit the goblin.
The goblin is heavily wounded.
The goblin hits you.
You closely miss the goblin.
The goblin is heavily wounded.
The goblin misses you.
You hit the goblin.
You kill the goblin!
Lugonu accepts your kill.
No target in view!
No target in view!
As you read the scroll labeled BIENOTUHIO, it crumbles to dust.
It is a scroll of identify.
e - a scroll of remove curse
As you read the scroll labeled BOT KOTEATRI, it crumbles to dust.
You feel a strange sense of stasis.
It was a scroll of teleportation.
Unknown command.
Are you sure you want to abandon this character and quit the game? (Confirm with "yes".)

###.#..#####........#
#.#..#####.##.#.###
#.#.............#
#.#.#####.###.###
..#.# #.# #†# .##.#
#.# #.# . #.# #.# #.#
#.#####.###.#
#.......@...#
######.##### #.# #.
.. #. ##


There were no monsters in sight!

Vanquished Creatures
  An ooze (D:1)
  A leopard gecko (D:1)
  4 goblins (D:1)
  A hobgoblin (D:1)
  6 jackals (D:1)
  A bat (D:1)
  2 rats (D:1)
16 creatures vanquished.

Vanquished Creatures (collateral kills)
  A leopard gecko (D:1)
  A hobgoblin (D:1)
  A jackal (D:1)
  A goblin (D:1)
  2 kobolds (D:1)
  A rat (D:1)
7 creatures vanquished.

Grand Total: 23 creatures vanquished

Notes
Turn   | Place    | Note
-------+----------+-------------------------------------------
     0 | Abyss:1  | Kairos the Formicid Abyssal Knight began the quest for the
                  | Orb.
     0 | Abyss:1  | Reached XP level 1. HP: 18/18 MP: 2/2
    25 | Abyss:2  | Found a corrupted altar of Lugonu.
    69 | Abyss:2  | Noticed a naga
   104 | Abyss:2  | Noticed a rust devil
   116 | Abyss:2  | Noticed a raiju
   132 | D:1      | Escaped the Abyss
   227 | D:1      | Reached XP level 2. HP: 19/24 MP: 3/3
   316 | D:1      | Reached * piety under Lugonu
   577 | D:1      | Reached XP level 3. HP: 28/30 MP: 4/4
   593 | D:1      | Reached skill level 4 in Fighting
   702 | D:1      | Quit the game

Skill      XL: |  1  2  3 |
---------------+----------+-----
Fighting       | 4 |  4.0
Polearms       | |  2.2
Armour         | |  2.5
Dodging        | |  0.8
Invocations    | |  2.5

Action                   || total
-------------------------++-------
Melee: Spear             ||    59
Invok: Depart the Abyss  ||     1
 Abil: Dig               ||     6
Evoke: Sack of spiders   ||     1
  Use: Scroll            ||     2
Armor: Leather armour    ||    12
Dodge: Dodged            ||    25
